 Dungeon Crawl Stone Soup version 0.28-a0-769-g550dbda0cd (webtiles) character file.

Game seed: 18030965938215312523

72 frimble the Ruffian (level 4, 0/42 HPs)
             Began as a Troll Warper on Oct 31, 2021.
             Slain by Grinder (4 damage)
             ... on level 3 of the Dungeon.
             The game lasted 00:02:20 (2233 turns).

frimble the Ruffian (Troll Warper)                  Turns: 2233, Time: 00:02:20

Health: 0/42       AC:  5    Str: 17 (19) XL:     4   Next: 7%
Magic:  4/4        EV:  9    Int:  8 (10) God:
Gold:   105        SH:  0    Dex:  8 (9)  Spells: 3/5 levels left

rFire   . . .      SeeInvis .   a - +3 dagger (flame)
rCold   . . .      Faith    .   (no shield)
rNeg    + . .      Spirit   .   d - +0 robe
rPois   .          Reflect  .   (helmet restricted)
rElec   .          Harm     .   o - +0 cloak
rCorr   .          Rampage  .   (gloves unavailable)
Will    .....                   (boots unavailable)
Stlth   +.........              (no amulet)
HPRegen 1.14/turn               g - ring of positive energy
MPRegen 0.09/turn               (no ring)

@: no status effects
A: large, unfitting armour, claws 3, regeneration 1, shaggy fur 1, tough skin 1
a: no special abilities


You were on level 3 of the Dungeon.
You visited 1 branch of the dungeon, and saw 3 of its levels.

You collected 105 gold pieces.

Inventory:

Hand Weapons
 a - a +3 dagger of flaming (weapon)
 m - a +2 vampiric dagger
Missiles
 c - 5 boomerangs of dispersal
 i - 16 poisoned darts (quivered)
Armour
 d - a +0 robe (worn)
 o - a +0 cloak (worn)
Jewellery
 g - a ring of positive energy (left claw)
Wands
 p - a wand of iceblast (7)
Scrolls
 b - 3 scrolls of blinking
 e - 2 scrolls of identify {unknown}
 f - a scroll of teleportation {unknown}
 l - a scroll of amnesia {unknown}
 q - a scroll of enchant weapon {unknown}
Potions
 h - a potion of berserk rage {unknown}
 j - a potion of heal wounds {unknown}
 n - a potion of curing {unknown}


   Skills:
 + Level 2.0 Fighting
 + Level 1.1 Short Blades
 + Level 1.6 Throwing
 - Level 1.9 Dodging
 + Level 2.6 Unarmed Combat
 - Level 1.2 Spellcasting
 + Level 2.5 Translocations


You had 3 spell levels left.
You knew the following spells:

 Your Spells              Type           Power      Damage    Failure   Level
a - Blink                 Tloc           8%         N/A       21%         2

Your spell library contained the following spells:

 Spells                   Type           Power      Damage    Failure   Level
 Sandblast                Erth           0%         2d4       36%         1
 Gell's Gravitas          Tloc           2%         N/A       38%         3
 Lesser Beckoning         Tloc           4%         N/A       38%         3
 Teleport Other           Tloc           4%         N/A       38%         3
 Passwall                 Tmut/Erth      0%         N/A       52%         2
 Portal Projectile        Hex/Tloc       4%         N/A       56%         3
 Stone Arrow              Conj/Erth      0%         3d7       75%         3
 Manifold Assault         Tloc           4%         N/A       98%         5
 Blade Hands              Tmut           0%         N/A       100%        5
 Excruciating Wounds      Necr           0%         N/A       100%        5


Dungeon Overview and Level Annotations

Branches:
Dungeon (3/15)

Altars:
Ashenzari

Annotations:
D:3 Grinder


Innate Abilities, Weirdness & Mutations

You are too large for most types of armour.
You have claws for hands.
Your natural rate of healing is unusually fast.
You are covered in fur. (AC +1)
You have tough skin. (AC +1)


Message History

Grinder hits you but does no damage.
You closely miss Grinder.
Grinder is moderately wounded.
Grinder hits you.
You writhe in agony.
You barely miss Grinder.
Grinder is moderately wounded.
Grinder gestures at you.
You shrug off the repeated paralysis!
You hit Grinder. You burn Grinder.
Grinder is moderately wounded.
You hit Grinder. You burn Grinder.
Grinder is heavily wounded.
Grinder says, "My boss said I was rubbish.
His entrails said otherwise."
Grinder gestures at you. Pain shoots through your body!
You hit Grinder but do no damage.
Grinder is heavily wounded.
Grinder closely misses you.
You hit Grinder. You burn Grinder.
Grinder is heavily wounded.
Grinder hits you!
* * * LOW HITPOINT WARNING * * *
You writhe in agony.
* * * LOW HITPOINT WARNING * * *
You closely miss Grinder.
Grinder is heavily wounded.
Grinder hits you but does no damage.
Okay, then.
Unknown command.
Okay, then.
You hit Grinder. You burn Grinder.
Grinder is severely wounded.
Grinder gestures at you. Pain shoots through your body!
* * * LOW HITPOINT WARNING * * *
It was a potion of degeneration.
There was something very wrong with that liquid.
You feel weakened.
You feel dopey.
You feel clumsy. Grinder hits you.
You die...

........#.#
.......#..######
#....J(......#
###...)...##.#
########
#.###.#.##.#
...##.# ..
#.#.##.# #.#.#.
#. #.#.##.#
#..### ..
..#.##.# #.## #
## ###.##@#
#####.### #.##5#
#......#. #.##.#
#.####... #.##.#
#.# ##.# #.##.#
#.# #.# #.##.#
#.# #.# #.##.#
#.# ##.# #.##.#
#.# #..# #.##.##
#.# ##.##


You could see Grinder.

Vanquished Creatures
  2 adders (D:3)
  An ufetubus (D:3)
  An orc (D:2)
  4 endoplasms
  5 giant cockroaches
  3 goblins
  7 hobgoblins (D:1)
  4 kobolds
  3 quokkas
  A ball python (D:2)
  A ball python zombie (D:3)
  5 bats
  2 frilled lizards
  6 rats
45 creatures vanquished.

Notes
Turn   | Place    | Note
-------+----------+-------------------------------------------
     0 | D:1      | frimble the Troll Warper began the quest for the Orb.
     0 | D:1      | Reached XP level 1. HP: 19/19 MP: 1/1
    21 | D:1      | Reached skill level 1 in Throwing
   106 | D:1      | Reached XP level 2. HP: 27/28 MP: 2/2
   116 | D:1      | Learned a level 2 spell: Blink
   958 | D:2      | Reached XP level 3. HP: 35/35 MP: 3/3
  1247 | D:2      | Found a faded altar of an unknown god.
  1905 | D:3      | Found a broken altar of Ashenzari.
  1960 | D:3      | Reached skill level 1 in Short Blades
  2135 | D:3      | Reached XP level 4. HP: 42/42 MP: 4/4
  2189 | D:3      | Noticed Grinder
  2218 | D:3      | Paralysed by Grinder for 5 turns
  2232 | D:3      | HP: 2/42 [Grinder/nerve-wracking pain (7)]
  2233 | D:3      | Slain by Grinder

Illustrated notes

Levels and vault maps discovered:
D:1:      dpeg_arrival_simpleton_c, layout_basic, minmay_close_crescents
D:2:      layout_basic, dreamdust_ecumenical_altar_angels_and_demons
D:3:      minmay_evil_eye, layout_loops_ring, mainiacjoe_overflow_chevrons,
          mainiacjoe_overflow_tiny_flanked, hex_tiny, uniq_natasha, uniq_grinder

Skill      XL: |  1  2  3 |
---------------+----------+-----
Throwing       | 1 |  1.6
Fighting       | 2 |  2.0
Short Blades   | 1 |  1.1
Dodging        | |  1.9
Unarmed Combat | |  2.6
Spellcasting   | |  1.2
Translocations | |  2.5

Action                   |  1- 3 |  4- 6 || total
-------------------------+-------+-------++-------
Melee: Unarmed           |    22 |       ||    22
       Dagger            |   112 |    29 ||   141
       Punch             |     1 |       ||     1
Throw: Dart              |       |     2 ||     2
  Use: Potion            |       |     1 ||     1
Armor: Robe              |    76 |     5 ||    81
Dodge: Dodged            |    66 |     8 ||    74

Table legend: (Time is in decaauts)
 A = Elapsed time spent in this place.
 B = Non-inter-level travel time spent in this place.
 C = Inter-level travel time spent in this place.
 D = Time resting spent in this place.
 E = Time spent auto-exploring this place.
 F = Levels seen in this place.
 G = Mean time per level.
                   A        B        C        D        E       F      G
               +--------+--------+--------+--------+--------+-----+--------+
         Total |   2226 |   2084 |    142 |      0 |   1732 |   3 |  742.0 |
       Dungeon |   2226 |   2084 |    142 |      0 |   1732 |   3 |  742.0 |
               +--------+--------+--------+--------+--------+-----+--------+

Top non-repeatable levels by time:
     D:2: 999 daAuts
     D:1: 792 daAuts
     D:3: 434 daAuts
